 Dungeon Crawl Stone Soup version 0.21.1-1-g345015f (webtiles) character file.

4583 inc the Thaumaturge (level 10, -3/103 HPs)
             Began as an Octopode Ice Elementalist on Apr 24, 2018.
             Was an Initiate of Gozag.
             Slain by Snorg (7 damage)
             ... on level 10 of the Dungeon.
             The game lasted 00:24:16 (10990 turns).

inc the Thaumaturge (Octopode Ice Elementalist)    Turns: 10990, Time: 00:24:17

Health: -3/103     AC: 33    Str:  5    XL:     10   Next: 41%
Magic:  5/24       EV:  2    Int: 21    God:    Gozag
Gold:   196        SH:  0    Dex: 13    Spells: 19/29 levels left

rFire    x . .     SeeInvis .   s - +2 whip (flame)
rCold    + . .     Gourm    .   (no shield)
rNeg     + + +     Faith    .   (helmet currently unavailable)
rPois    +         Spirit   .   (no amulet)
rElec    .         Reflect  .   x - ring of ice
rCorr    .         Harm     .   (no ring)
MR       .....     NoTele   +   (no ring)
Stlth    ++........             (no ring)
HPRegen  0.27/turn              (no ring)
MPRegen  0.19/turn              (no ring)
                                (no ring)
                                (no ring)

@: icy armour, tree-form, slow
A: almost no armour, stealthy swim, (amphibious), 8 rings, (constrict 8), weak 1
a: Potion Petition, Call Merchant, Bribe Branch, Renounce Religion


You were on level 10 of the Dungeon.
You worshipped Gozag.
Gozag was aware of your devotion.
You were not hungry.
You were a tree.
You visited 2 branches of the dungeon, and saw 11 of its levels.

You collected 1040 gold pieces.
You paid 844 gold pieces to Gozag.

Inventory:

Hand Weapons
 s - a +2 whip of flaming (weapon)
Jewellery
 i - an uncursed amulet of faith
 u - an uncursed amulet of guardian spirit
 x - a ring of ice (left branch)
Wands
 o - a wand of clouds (9)
 y - a wand of polymorph (12)
Scrolls
 d - a scroll of random uselessness
 e - 2 scrolls of amnesia
 f - 2 scrolls of enchant weapon {unknown}
 g - a scroll of blinking
 h - 2 scrolls of magic mapping {unknown}
 m - a scroll of noise
 n - 6 scrolls of remove curse {unknown}
 p - a scroll of teleportation
 q - 3 scrolls of fear
 r - a scroll of immolation
 t - a scroll of summoning
 A - a scroll of holy word
Potions
 j - a potion of brilliance
 k - a potion of degeneration
 v - a potion of mutation
 w - a potion of haste
Books
 a - a book of Frost

   Spells                             Type                      Level
   a - Freeze                         Ice                          1
   b - Throw Frost                    Conjuration/Ice              2
   c - Ozocubu's Armour               Charms/Ice                   3
   d - Throw Icicle                   Conjuration/Ice              4
   e - Summon Ice Beast               Ice/Summoning                4
Comestibles
 b - 4 rations


   Skills:
 - Level 6.7 Fighting
 - Level 3.4 Maces & Flails
 - Level 2.0 Dodging
 - Level 2.6 Stealth
 + Level 10.0 Spellcasting
 - Level 1.0 Conjurations
 - Level 7.5 Ice Magic


You had 19 spell levels left.
You knew the following spells:

 Your Spells              Type           Power        Failure   Level  Hunger
a - Freeze                Ice            ####         1%          1    None
b - Ozocubu's Armour      Chrm/Ice       #####...     4%          3    None
c - Throw Frost           Conj/Ice       #####.       1%          2    None
d - Summon Ice Beast      Ice/Summ       #####...     14%         4    ##.....


Dungeon Overview and Level Annotations

Branches:
Dungeon (10/15)            Temple (1/1) D:5
   Lair: D:8-11         Orc: D:9-12

Altars:
Ashenzari
Cheibriados
Dithmenos
Elyvilon
Fedhas
Gozag
Hepliaklqana
Kikubaaqudgha
Makhleb
Nemelex Xobeh
Okawaru
Qazlal
Ru
Sif Muna
Trog
Uskayaw
Vehumet
Wu Jian
Xom
Yredelemnul
The Shining One

Shops:
D:5 *   D:8 =

Annotations:
D:3 microfolk's ghost, amateur MfSu
D:8 Maurice
D:9 exclusion: 2 oklob plants
D:10 Snorg


Innate Abilities, Weirdness & Mutations

You cannot wear most types of armour.
You are very stealthy in the water. (Stealth+)
((You are amphibious.))
You can wear up to eight rings at the same time.
((You can use your tentacles to constrict eight enemies at once.))
((Your skin changes colour to match your surroundings (Stealth+).))
((Your rubbery body absorbs attacks. (AC +1, EV +1)))
((You are partially covered in iridescent scales. (AC +2)))
You are weak. (Str -2)


Message History

Confirm with . or Enter, or press ? or * to list all spells.
Aiming: Freeze
Press: ? - help, Shift-Dir - straight line, f/p - Snorg
Aim: Snorg (heavily wounded, berserk, fast, unusually strong)
You feel a surge of power!
You freeze Snorg.
Snorg is heavily wounded.
Snorg bites you but does no damage. Snorg claws you but does no damage.
Snorg claws you! Snorg bites you!!
* * * LOW HITPOINT WARNING * * *
Snorg claws you but does no damage. Snorg claws you!
* * * LOW HITPOINT WARNING * * *
Your ice beast hits Snorg.
Your ice beast freezes Snorg!
Okay, then.
You cannot blink because you are held in place by your roots.
Casting: Freeze
Confirm with . or Enter, or press ? or * to list all spells.
You feel a surge of power! A chill wind blows around you.
Snorg bites you but does no damage. Snorg claws you!
You die...
Your body crumbles into a pile of gold.

##.##.#
#.....#
######...###
#.((....##
#.......#
#.......#
#.......#
#..TY...#
#.♣.Y...#
#########


You could see Snorg (berserk) and 2 friendly ice beasts.

Vanquished Creatures
  Pikel (D:4)
  Grinder (D:6)
  A hippogriff (D:10)
  A warg (D:9)
  2 water moccasins
  2 orc warriors
  4 sky beasts
  A slave (D:4)
  3 ogres
  A phantom (D:5)
  3 ice beasts
  2 centaurs
  A big kobold (D:9)
  7 bullfrogs
  A scorpion (D:5)
  6 killer bees (D:7)
  A howler monkey (D:5)
  A crimson imp (D:8)
  A bullfrog zombie (D:5)
  2 centaur zombies
  5 hounds
  A gnoll shaman (D:6)
  5 orc priests
  A jelly (D:10)
  4 orc wizards
  A centaur skeleton (D:7)
  A bullfrog skeleton (D:8)
  2 iguanas
  A worker ant (D:4)
  A killer bee zombie (D:8)
  2 hound skeletons
  3 gnolls (D:6)
  8 adders
  3 shadow imps (D:7)
  An ooze (D:3)
  2 adder zombies
  An adder skeleton (D:8)
  20 orcs
  2 ball pythons
  2 giant cockroaches
  A goblin (D:1)
  4 hobgoblins
  6 jackals (D:5)
  2 quokkas
  8 bats
  4 frilled lizards
  A jackal skeleton (D:8)
  5 kobolds
  A leopard gecko skeleton (D:5)
  4 rats
144 creatures vanquished.

Vanquished Creatures (others)
  2 slaves (D:4)
  An orc wizard (D:4)
  An orc (D:4)
4 creatures vanquished.

Grand Total: 148 creatures vanquished

Notes
Turn   | Place    | Note
-------+----------+-------------------------------------------
     0 | D:1      | inc the Octopode Ice Elementalist began the quest for the Orb.
     0 | D:1      | Reached XP level 1. HP: 11/11 MP: 3/3
   462 | D:1      | Reached XP level 2. HP: 17/17 MP: 3/5
  1039 | D:2      | Reached skill level 3 in Spellcasting
  1276 | D:2      | Noticed a hand axe
  1277 | D:2      | Noticed a dagger
  1277 | D:2      | Found a hide-covered altar of Uskayaw.
  1366 | D:2      | Reached XP level 3. HP: 20/21 MP: 5/7
  1430 | D:2      | Found a glowing golden altar of the Shining One.
  1533 | D:2      | Found a shimmering altar of Xom.
  1534 | D:2      | Found a burning altar of Makhleb.
  1878 | D:3      | Reached XP level 4. HP: 25/27 MP: 7/9
  1886 | D:3      | Noticed microfolk's ghost (amateur MfSu)
  2013 | D:3      | Learned a level 3 spell: Ozocubu's Armour
  2202 | D:3      | Reached skill level 4 in Spellcasting
  2466 | D:5      | Entered Level 5 of the Dungeon
  2475 | D:5      | Reached XP level 5. HP: 24/31 MP: 4/11
  2494 | D:5      | Found a staircase to the Ecumenical Temple.
  2573 | Temple   | Entered the Ecumenical Temple
  2728 | Temple   | Became a worshipper of Gozag Ym Sagoz the Greedy
  3181 | D:5      | Found a radiant altar of Vehumet.
  3207 | D:4      | Noticed a phantom
  3231 | D:5      | Reached skill level 5 in Spellcasting
  3277 | D:5      | Reached XP level 6. HP: 19/36 MP: 1/14
  3534 | D:5      | Noticed a phantom
  3736 | D:4      | Noticed a slave
  3737 | D:4      | Noticed a slave
  4040 | D:4      | Noticed a slave
  4041 | D:4      | Noticed Pikel
  4056 | D:4      | Killed a slave
  4148 | D:4      | Noticed a phantom
  4189 | D:4      | Noticed a slave
  4196 | D:4      | Killed Pikel
  4196 | D:4      | Reached XP level 7. HP: 24/41 MP: 3/15
  4468 | D:4      | HP: 2/41 [phantom (9)]
  4785 | D:5      | Found Goidac's General Store.
  4838 | D:5      | Reached XP level 8. HP: 18/46 MP: 16/16
  5580 | D:6      | Reached skill level 6 in Spellcasting
  5813 | D:6      | Noticed Grinder
  5821 | D:6      | Paralysed by Grinder for 6 turns
  5828 | D:6      | Gained mutation: You are weak. (Str -2) [potion of mutation]
  5828 | D:6      | Gained mutation: You are partially covered in iridescent scales. (AC +2) [potion of mutation]
  5844 | D:6      | Paralysed by Grinder for 4 turns
  5854 | D:6      | Paralysed by Grinder for 5 turns
  5861 | D:6      | Paralysed by Grinder for 7 turns
  5870 | D:6      | Killed Grinder
  6162 | D:6      | Reached skill level 7 in Spellcasting
  6616 | D:6      | Reached skill level 1 in Maces & Flails
  7155 | D:7      | Reached skill level 1 in Fighting
  7155 | D:7      | Reached XP level 9. HP: 46/53 MP: 10/19
  7326 | D:7      | Learned a level 2 spell: Throw Frost
  7452 | D:7      | Found a deep blue altar of Sif Muna.
  7518 | D:7      | Found a hazy altar of Hepliaklqana.
  7640 | D:7      | Reached skill level 5 in Fighting
  8436 | D:7      | HP: 1/63 [wyvern zombie (9)]
  8987 | D:8      | Noticed Maurice
  9114 | D:8      | Reached skill level 8 in Spellcasting
  9117 | D:8      | Found a shattered altar of Ashenzari.
  9453 | D:8      | Reached XP level 10. HP: 55/69 MP: 13/22
  9665 | D:8      | Reached skill level 9 in Spellcasting
 10061 | D:9      | Noticed a two-headed ogre
 10346 | D:8      | Learned a level 4 spell: Summon Ice Beast
 10455 | D:9      | Found a blossoming altar of Fedhas.
 10457 | D:9      | Noticed an oklob plant
 10457 | D:9      | Noticed an oklob plant
 10523 | D:10     | Entered Level 10 of the Dungeon
 10529 | D:10     | Noticed a two-headed ogre
 10544 | D:10     | Found a blossoming altar of Fedhas.
 10706 | D:10     | Reached skill level 10 in Spellcasting
 10718 | D:10     | Noticed Snorg
 10989 | D:10     | HP: 4/103 [Snorg (9)]
 10990 | D:10     | Slain by Snorg

Skill      XL: |  1  2  3  4  5  6  7  8  9 10 |
---------------+-------------------------------+-----
Spellcasting   | 3 4 5 7 8 10 | 10.0
Ice Magic      | 7 |  7.5
Maces & Flails | 3 |  3.4
Fighting       | 1 6 |  6.7
Dodging        | |  2.0
Stealth        | |  2.6
Conjurations   | |  1.0

Action                   |  1- 3 |  4- 6 |  7- 9 | 10-12 || total
-------------------------+-------+-------+-------+-------++-------
Melee: Unarmed           |    20 |    46 |       |       ||    66
       Constrict         |     6 |    11 |    16 |     1 ||    34
       Tentacles         |     3 |    12 |    22 |     6 ||    43
       Whip              |       |       |   187 |    42 ||   229
 Cast: Freeze            |    38 |    61 |   128 |    67 ||   294
       Ozocubu's Armour  |       |     4 |    19 |     9 ||    32
       Throw Frost       |       |       |     3 |    23 ||    26
       Summon Ice Beast  |       |       |       |     6 ||     6
Invok: Call Merchant     |       |       |       |     1 ||     1
  Use: Potion            |       |     2 |     7 |     2 ||    11
       Scroll            |       |       |     4 |    11 ||    15
 Stab: Sleeping          |     1 |     2 |     5 |       ||     8
       Distracted        |       |       |       |     1 ||     1
  Eat: Chunk             |     3 |     3 |       |       ||     6
       Ration            |       |     2 |     4 |     2 ||     8
Armor: Skin              |     7 |    28 |    89 |    44 ||   168
Dodge: Dodged            |    39 |   108 |   163 |    67 ||   377
